 Dungeon Crawl Stone Soup version 0.25.1-11-g244df3a29b (webtiles) character file.

Game seed: 9472101711025673781

200342 DeepDeath the Severer (level 17, -26/156 HPs)
             Began as a Pale Draconian Berserker on Nov 7, 2023.
             Was a High Priest of Trog.
             Killed from afar by a hellephant (42 damage)
             ... with a blast of flame
             ... on level 2 of the Abyss on Nov 10, 2023.
             The game lasted 03:19:01 (42882 turns).

DeepDeath the Severer (Pale Draconian Berserker)   Turns: 42882, Time: 03:19:02

Health: -26/156    AC: 16    Str: 22    XL:     17   Next: 87%
Magic:  18/18      EV: 20    Int:  9    God:    Trog [*****.]
Gold:   547        SH: 13    Dex: 16    Spells: 16/16 levels left

rFire    . . .     SeeInvis +   w - +7 war axe (flame)
rCold    + . .     Gourm    .   x - +0 kite shield {reflect}
rNeg     . . .     Faith    .   (armour unavailable)
rPois    +         Spirit   .   J - +2 hat {SInv}
rElec    .         Reflect  +   O - +0 cloak
rCorr    .         Harm     .   g - +0 pair of gloves
MR       +++..                  V - +1 pair of boots {run}
Stlth    +++++.....             p - amulet of the acrobat
HPRegen  1.76/turn              m - ring of poison resistance
MPRegen  0.16/turn              a - ring of protection from cold

@: regenerating, quick
A: breathe steam, unfitting armour, stinger 1, deterioration 1, regeneration 1,
shaggy fur 1, strong 1, wild magic 1, evolution 1, cold-blooded, MP-powered
wands, AC +9
}: 1/15 runes: decaying
a: Breathe Steam, Berserk, Trog's Hand, Brothers in Arms, Renounce Religion


You were on level 2 of the Abyss.
You worshipped Trog.
Trog was extremely pleased with you.
You were near starving.

You visited 5 branches of the dungeon, and saw 28 of its levels.
You visited the Abyss 1 time.
You also visited: Gauntlet, Ice Cave and Volcano.

You collected 3275 gold pieces.
You spent 2728 gold pieces at shops.

Inventory:

Hand Weapons
 e - the +2 broad axe of Lust {vorpal, Int+4}
   (Trog gifted it to you on level 11 of the Dungeon)

   It inflicts extra damage upon your enemies.
   It affects your intelligence (+4).
 s - the +6 trident of Motrayc {speed, +Fly rN++}
   (You found it on level 7 of the Dungeon)

   Attacks with this weapon are significantly faster.
   It greatly protects you from negative energy.
   It lets you fly.
 w - a +7 war axe of flaming (weapon)
Missiles
 B - 25 boomerangs (quivered)
 D - 60 poisoned darts
 P - 2 boomerangs of dispersal
 Z - 16 curare-tipped darts
Armour
 g - a +0 pair of gloves (worn)
 x - a +0 kite shield of reflection (worn)
 J - a +2 hat of see invisible (worn)
 O - a +0 cloak (worn)
 V - a +1 pair of boots of running (worn)
Jewellery
 a - a ring of protection from cold (right hand)
 i - an uncursed ring of positive energy
 m - a ring of poison resistance (left hand)
 p - an amulet of the acrobat (around neck)
 F - an uncursed ring of resist corrosion
 K - an uncursed ring of protection from fire
 T - the ring "Pehim" {+Fly rF+ Str+3 Stlth+}
   (You bought it in a shop on level 1 of the Vaults)

   [ring of protection from fire]

   It affects your strength (+3).
   It protects you from fire.
   It lets you fly.
   It makes you more stealthy.
Wands
 l - a wand of disintegration (4)
 o - a wand of paralysis (13)
 z - a wand of clouds (7)
 G - a wand of flame (6)
 M - a wand of digging (4)
Scrolls
 d - a scroll of fear
 t - a scroll of enchant weapon
 u - 6 scrolls of identify
 y - 3 scrolls of magic mapping
 A - a scroll of holy word
 C - 6 scrolls of blinking
 E - 2 scrolls of noise
 H - 15 scrolls of remove curse
 N - a scroll of fog
 R - 3 scrolls of teleportation
Potions
 b - 3 potions of heal wounds
 c - 11 potions of curing
 h - 7 potions of flight
 n - 3 potions of cancellation
 q - 4 potions of resistance
 r - a potion of stabbing
 v - 3 potions of lignification
 I - 2 potions of ambrosia
 L - a potion of might
 Q - a potion of haste
 U - a potion of berserk rage
Miscellaneous
 k - a tin of tremorstones (3/3)
Comestibles
 f - 21 rations
 S - 5 chunks of flesh


   Skills:
 - Level 15.0 Fighting
 - Level 16.6(18.0) Axes
   Level 8.9(13.8) Maces & Flails
 - Level 8.6(13.7) Polearms
 - Level 8.0 Throwing
 - Level 11.0 Dodging
 - Level 11.0 Stealth
 * Level 12.6 Shields
 - Level 2.0 Evocations


You had 16 spell levels left.
You didn't know any spells.
Your spell library contained the following spells:

 Spells                   Type           Power        Failure   Level  Hunger
 Corona                   Hex            #......      56%         1    ##.....
 Slow                     Hex            #.......     71%         2    ###....
 Ignite Poison            Fire/Tmut/Pois #.......     89%         3    ####...
 Leda's Liquefaction      Hex/Erth       #.........   99%         4    #####..
 Alistair's Intoxication  Tmut/Pois      #.......     100%        5    ######.
 Silence                  Hex/Air        #.........   100%        5    ######.


Dungeon Overview and Level Annotations

Branches:
Dungeon (15/15)            Temple (0/1) D:6            Lair (6/6) D:8
  Swamp (4/4) Lair:4        Snake (0/4) Lair:3        Slime (0/5) Lair:6
    Orc (2/2) D:11            Elf (0/3) Orc:2        Vaults (1/5) D:14
 Depths (0/5) D:15          IceCv (visited)         Volcano (visited)
Gauntlet (visited)

Altars:
Cheibriados
Dithmenos
Kikubaaqudgha
Trog
Wu Jian
Jiyva

Shops:
D:5 %   D:8 =   D:15 *[   Orc:2 (!!*   Vaults:1 *

Annotations:
Lair:2 exclusion: electric eel
Swamp:1 Nikola


Innate Abilities, Weirdness & Mutations

You can breathe blasts of scalding, opaque steam.
Your pale cyan-grey scales are hard. (AC +9)
You cannot fit into any form of body armour.
You are cold-blooded and may be slowed by cold attacks.
Your tail ends in a poisonous barb.
Your body sometimes deteriorates upon taking damage.
Your natural rate of healing is unusually fast.
You are covered in fur. (AC +1)
Your muscles are strong. (Str +2)
Your spells are a little harder to cast, but a little more powerful.
You evolve.
You expend magic power (3 MP) to strengthen your wands.


Message History

The insubstantial wisp completely misses you.
You are too injured to fight recklessly!
Unknown command.
You are too injured to fight recklessly!
You hit the hellephant but do no damage.
Your tail-slap misses the hellephant.
The hellephant is lightly wounded.
You slash the insubstantial wisp!
You destroy the insubstantial wisp!
Trog accepts your kill.
Unknown command.
You hit the hellephant but do no damage.
You tail-slap the hellephant, but do no damage.
The hellephant is lightly wounded.
You hit the insubstantial wisp. The hellephant breathes flames at you.
The blast of flame hits you!!
* * * LOW HITPOINT WARNING * * *
The blast of flame hits you!!!
You die...

. . . #. ..
#....# #.# . .
.. .#...#.. .
... # .##.#.#
###.# # .## #
.#.. ....# ...
## #....# ... .
.. .## #..#.##.#
.. ## #.#Y..#
....##.
###...@.# .# .
..#.
......#v##..#
##...#......._.#
.
.###....##.$..##
.. ##..####..##
[ . . . #...# .
##. ###.# .## #
. # .#


You could see a hellephant (catching breath) and an insubstantial wisp.

Vanquished Creatures
  the Lernaean hydra (Swamp:4)
  Jorgrun (Orc:1)
  Gastronok (D:8)
  Kirke (D:14)
  Donald (Swamp:1)
  A deep elf sorcerer (Vaults:1)
  Louise (Swamp:1)
  An ironheart preserver (Vaults:1)
  A very ugly thing (Swamp:3)
  A reaper (IceCv)
  Nessos (Lair:4)
  A deep elf annihilator (Vaults:1)
  5 dire elephants (Lair:6)
  A minotaur (Gauntlet)
  Snorg (D:14)
  A fire dragon (D:11)
  Josephine (Orc:2)
  Erolcha (D:9)
  An ice dragon (Vaults:1)
  Fannar (D:10)
  The ghost of Fractals the Slicer, a journeyman KoAs of Dithmenos (Lair:1)
  24 hydras
  An anaconda (Lair:6)
  3 ghost crabs
  A catoblepas (Lair:5)
  2 shambling mangroves
  A centaur warrior (D:15)
  15 alligators
  2 death knights
  30 two-headed ogres
  5 death yaks (Lair:5)
  8 ogre magi
  2 spriggans
  3 unseen horrors
  A deep troll (D:11)
  A spriggan druid (Swamp:3)
  A deep elf archer (Vaults:1)
  An obsidian statue (Volcano)
  3 phantasmal warriors (D:15)
  2 glowing orange brains (Gauntlet)
  3 orc knights
  14 swamp dragons
  5 harpies (Vaults:1)
  An orc sorcerer (Volcano)
  20 ugly things
  5 cyclopes
  6 deep elf magi
  A manticore (D:11)
  A worldbinder (Gauntlet)
  24 elephants
  8 black mambas
  A gargoyle (D:14)
  15 spiny frogs
  A naga mage (D:15)
  2 ice statues (IceCv)
  A smoke demon (Volcano)
  3 rime drakes
  An efreet (D:15)
  10 ice devils (IceCv)
  A yaktaur (Vaults:1)
  3 freezing wraiths
  4 komodo dragons
  8 trolls
  8 tyrant leeches
  A polar bear (Lair:2)
  5 hornets
  Prince Ribbit (D:6)
  12 bog bodies
  25 slime creatures
  16 blink frogs
  A centaur simulacrum (D:15)
  13 hippogriffs
  Sigmund (D:2)
  5 flying skulls (Gauntlet)
  A shadow (D:15)
  4 wyverns
  2 vampires
  22 yaks
  6 hogs (D:14)
  4 water elementals (D:14)
  7 fire bats (Volcano)
  8 wraiths
  4 basilisks
  A human (shapeshifter) (D:15)
  10 vampire mosquitoes
  4 hungry ghosts
  Grum (D:9)
  11 wargs
  6 insubstantial wisps
  4 nagas (Lair:3)
  9 swamp worms
  2 soldier ants
  A hell hound (Volcano)
  2 acid dragons
  17 water moccasins
  16 porcupines
  4 sky beasts
  16 swamp drakes
  5 ice beasts
  27 orc warriors
  A hornet zombie (D:11)
  2 black bears (D:8)
  A necrophage (D:11)
  3 boggarts (Gauntlet)
  25 wolves
  3 phantoms
  42 ogres
  12 centaurs
  19 crocodiles
  A big kobold (D:8)
  13 bullfrogs
  An earth elemental (D:15)
  A gnoll sergeant (D:8)
  2 wyvern zombies
  6 scorpions
  A small abomination (Abyss:2)
  31 killer bees
  3 wights (D:13)
  6 lava snakes (Volcano)
  2 bullfrog zombies
  5 crimson imps
  10 hounds
  7 centaur skeletons
  17 orc priests
  8 jellies
  A bullfrog skeleton (D:5)
  9 iguanas
  25 orc wizards
  5 hell rats (Lair:3)
  15 worker ants
  A killer bee zombie (D:7)
  A hound zombie (D:5)
  2 worker ant zombies
  Robin (D:2)
  7 adders
  5 gnolls (D:8)
  7 river rats (Lair:3)
  5 shadow imps
  5 white imps (IceCv)
  6 ufetubi (IceCv)
  7 oozes
  2 adder zombies (D:8)
  An adder skeleton (D:8)
  5 worms
  2 dart slugs (D:3)
  6 leopard geckos
  141 orcs
  10 bats
  9 giant cockroaches
  10 goblins
  9 hobgoblins
  11 jackals
  12 kobolds
  6 quokkas
  4 ball pythons
  8 frilled lizards
  A quokka skeleton (D:4)
  13 rats
  A butterfly (D:5)
  2 fungi
  2 plants (Lair:6)
1130 creatures vanquished.

Vanquished Creatures (collateral kills)
  2 orc warriors (Orc:1)
  3 orcs (Orc:1)
5 creatures vanquished.

Vanquished Creatures (others)
  An orc warrior (Orc:1)
  4 white imps (IceCv)
  3 ufetubi (IceCv)
  8 fungi
  13 plants
29 creatures vanquished.

Grand Total: 1164 creatures vanquished

Notes
Turn   | Place    | Note
-------+----------+-------------------------------------------
     0 | D:1      | DeepDeath the Draconian Berserker began the quest for the
                  | Orb.
     0 | D:1      | Reached XP level 1. HP: 19/19 MP: 1/1
   375 | D:1      | Reached XP level 2. HP: 23/26 MP: 2/2
   656 | D:1      | Reached XP level 3. HP: 31/31 MP: 3/3
   664 | D:1      | Reached ** piety under Trog
  1069 | D:2      | Noticed Sigmund
  1090 | D:2      | Killed Sigmund
  1090 | D:2      | Reached skill level 5 in Maces & Flails
  1090 | D:2      | Reached skill level 1 in Throwing
  1090 | D:2      | Reached skill level 1 in Stealth
  1090 | D:2      | Reached XP level 4. HP: 40/40 MP: 4/4
  1090 | D:2      | Reached XP level 5. HP: 46/46 MP: 5/5
  1388 | D:2      | Noticed Robin
  1704 | D:2      | Reached XP level 6. HP: 50/52 MP: 6/6
  1749 | D:2      | Found an ornate altar of the Wu Jian Council.
  1750 | D:2      | Found a snail-covered altar of Cheibriados.
  1990 | D:2      | Killed Robin
  2144 | D:2      | Gained mutation: Your muscles are strong. (Str +2) [potion
                  | of mutation]
  2144 | D:2      | Gained mutation: You possess an exceptional clarity of
                  | mind. [potion of mutation]
  2144 | D:2      | Gained mutation: You evolve. [potion of mutation]
  2556 | D:3      | Reached *** piety under Trog
  2825 | D:3      | Gained mutation: Your mind is acute. (Int +2) [evolution]
  3143 | D:4      | Your scales start taking on a pale cyan-grey colour.
  3143 | D:4      | Reached XP level 7. HP: 60/60 MP: 7/7
  3456 | D:4      | Reached skill level 1 in Evocations
  3542 | D:4      | Reached skill level 1 in Shields
  3972 | D:5      | Entered Level 5 of the Dungeon
  4373 | D:5      | Found a runed translucent door.
  4389 | D:5      | Found a runed translucent door.
  4436 | D:5      | Reached skill level 5 in Fighting
  4683 | D:5      | Found Tuzun's Food Shop.
  5104 | D:6      | Found a staircase to the Ecumenical Temple.
  5176 | D:6      | Reached XP level 8. HP: 51/68 MP: 8/8
  5695 | D:6      | Noticed Prince Ribbit
  6056 | D:6      | Killed Prince Ribbit
  6056 | D:6      | Reached **** piety under Trog
  6385 | D:7      | Reached XP level 9. HP: 74/74 MP: 10/10
  6441 | D:7      | Got a slimy trident
  6629 | D:7      | Lost mutation: You possess an exceptional clarity of mind.
                  | [evolution]
  7160 | D:7      | Reached skill level 1 in Axes
  7442 | D:8      | Identified the +6 trident of Motrayc {speed, +Fly rN++}
                  | (You found it on level 7 of the Dungeon)
  7526 | D:8      | Reached skill level 2 in Axes
  7526 | D:8      | Reached skill level 5 in Dodging
  7544 | D:8      | Reached skill level 3 in Axes
  7582 | D:8      | Reached skill level 4 in Axes
  7582 | D:8      | Reached skill level 5 in Shields
  7627 | D:8      | Found a staircase to the Lair.
  7645 | D:8      | Reached XP level 10. HP: 67/83 MP: 11/11
  7656 | D:8      | Reached skill level 5 in Axes
  8068 | D:8      | Noticed Gastronok
  8077 | D:8      | Killed Gastronok
  8077 | D:8      | Reached skill level 6 in Axes
  8238 | D:8      | Found Baroan's Jewellery Boutique.
  8244 | D:8      | Bought a cursed ring of teleportation for 49 gold pieces
  8248 | D:8      | Bought an uncursed ring of protection from fire for 275
                  | gold pieces
  8474 | D:8      | Reached skill level 7 in Axes
  8744 | D:9      | Noticed Grum
  8762 | D:9      | Reached skill level 5 in Stealth
  8765 | D:9      | Killed Grum
  8774 | D:9      | Reached skill level 5 in Throwing
  8847 | D:9      | Found a shadowy altar of Dithmenos.
  8918 | D:9      | Noticed Erolcha
  8946 | D:9      | Killed Erolcha
  8946 | D:9      | Reached skill level 8 in Axes
  8946 | D:9      | Reached XP level 11. HP: 59/92 MP: 12/12
 10065 | D:9      | Noticed a two-headed ogre
 10095 | D:9      | Killed a two-headed ogre
 10196 | D:9      | Reached skill level 9 in Axes
 10537 | Lair:1   | Entered Level 1 of the Lair of Beasts
 10611 | Lair:1   | Noticed a seven-headed hydra
 10624 | Lair:1   | Found a dark tunnel.
 10633 | Volcano  | Entered a volcano
 10921 | Volcano  | Gained mutation: You are covered in fur. (AC +1)
                  | [evolution]
 10922 | Volcano  | Noticed a red ugly thing
 10924 | Volcano  | Noticed an orc sorcerer
 10924 | Volcano  | Noticed a red ugly thing
 10933 | Volcano  | Killed a red ugly thing
 10934 | Volcano  | Killed an orc sorcerer
 10935 | Volcano  | Killed a red ugly thing
 10962 | Volcano  | Found a radiant altar of Vehumet.
 10979 | Volcano  | Noticed an obsidian statue
 11065 | Volcano  | Reached skill level 10 in Axes
 11124 | Volcano  | Killed an obsidian statue
 11132 | Volcano  | Identified the Tome of Execration and Venom
 11210 | Lair:1   | Reached skill level 1 in Polearms
 11422 | Lair:1   | Killed a seven-headed hydra
 11422 | Lair:1   | Reached XP level 12. HP: 90/101 MP: 13/13
 11648 | Lair:1   | Found a runed translucent gate.
 11648 | Lair:1   | Found a runed translucent gate.
 11649 | Lair:1   | Found a runed translucent gate.
 11654 | Lair:1   | Noticed Fractals's ghost (journeyman KoAs)
 11788 | Lair:1   | Gained mutation: Your spells are a little harder to cast,
                  | but a little more powerful. [evolution]
 12331 | Lair:1   | Reached skill level 5 in Polearms
 15334 | Lair:3   | Reached skill level 11 in Axes
 15437 | Lair:3   | Noticed a seven-headed hydra
 15445 | Lair:3   | Killed a seven-headed hydra
 15448 | Lair:3   | Found a staircase to the Snake Pit.
 16310 | Lair:4   | Reached ***** piety under Trog
 16386 | Lair:4   | Got a faintly glowing graven amulet
 16570 | Lair:4   | Noticed Nessos
 16771 | Lair:4   | Found a staircase to the Swamp.
 16864 | Lair:4   | Reached XP level 13. HP: 101/107 MP: 14/14
 17365 | Lair:4   | Identified the amulet of the Devil's Advocate {Faith rN+}
                  | (You found it on level 4 of the Lair of Beasts)
 17628 | Lair:5   | Reached skill level 12 in Axes
 18598 | Lair:5   | Received a gift from Trog
 19200 | D:8      | Bought an uncursed ring of protection from cold for 275
                  | gold pieces
 19200 | D:8      | Bought an uncursed ring of resist corrosion for 220 gold
                  | pieces
 19624 | D:10     | Entered Level 10 of the Dungeon
 19737 | D:10     | Noticed Fannar
 20426 | D:10     | Killed Fannar
 20471 | D:11     | Found a gate leading to a gauntlet.
 20480 | Gauntlet | Entered a Gauntlet
 20480 | Gauntlet | Found a transporter.
 20480 | Gauntlet | Found a transporter.
 20482 | Gauntlet | Found a transporter.
 20501 | Gauntlet | Found a transporter.
 20519 | Gauntlet | Found a transporter.
 20520 | Gauntlet | Found a transporter.
 20536 | Gauntlet | Found a transporter.
 20554 | Gauntlet | Found a runed translucent door.
 20556 | Gauntlet | Found a transporter.
 20558 | Gauntlet | Found a runed translucent door.
 20570 | Gauntlet | Found a transporter.
 20573 | Gauntlet | Found a transporter.
 20575 | Gauntlet | Found a runed translucent door.
 20577 | Gauntlet | Found a runed translucent door.
 20583 | Gauntlet | Found a transporter.
 20590 | Gauntlet | Found a transporter.
 20687 | Gauntlet | Noticed a death ooze
 20807 | Gauntlet | Got a steaming steel ring
 20836 | Gauntlet | Identified the ring "Qeithyxt" {+Blink +Fly rF+ Int-5
                  | Stlth+} (You found it in a Gauntlet)
 20856 | Gauntlet | Identified the +4 quarterstaff of Attoylue {antimagic,
                  | rPois rF+ Str-3}
 20856 | Gauntlet | Noticed a minotaur
 20875 | Gauntlet | Killed a minotaur
 20875 | Gauntlet | Reached skill level 10 in Fighting
 21206 | D:11     | Found an ancient bone altar of Kikubaaqudgha.
 21257 | D:11     | Reached XP level 14. HP: 83/121 MP: 15/15
 21712 | D:11     | Received a gift from Trog
 21713 | D:11     | Found a staircase to the Orcish Mines.
 21731 | D:11     | Got a smoking broad axe {god gift}
 21735 | D:11     | Identified the +2 broad axe of Lust {vorpal, Int+4} (Trog
                  | gifted it to you on level 11 of the Dungeon)
 21998 | D:11     | Found a runed translucent door.
 22718 | D:11     | Reached skill level 10 in Stealth
 22721 | D:11     | Got a serpentine ivory ring
 22755 | D:11     | Identified the ring of Litse {*Drain +Inv MP+9 EV+4 Stlth+}
                  | (You found it on level 11 of the Dungeon)
 23193 | Orc:1    | Entered Level 1 of the Orcish Mines
 23198 | Orc:1    | Noticed Jorgrun
 23219 | Orc:1    | Killed Jorgrun
 23600 | Orc:1    | Found a frozen archway.
 23609 | Orc:1    | Received a gift from Trog
 23627 | IceCv    | Entered an ice cave
 24542 | IceCv    | Reached skill level 13 in Axes
 24768 | IceCv    | Noticed a reaper
 24774 | IceCv    | Found the ring of Shadows {Umbra +Inv Stlth+}
 24779 | IceCv    | Killed a reaper
 25581 | Orc:2    | Entered Level 2 of the Orcish Mines
 25654 | Orc:2    | Noticed Josephine
 25679 | Orc:2    | Killed Josephine
 26002 | Orc:2    | Gained mutation: Your body sometimes deteriorates upon
                  | taking damage. [evolution]
 27296 | Orc:2    | Reached skill level 10 in Dodging
 27368 | Orc:2    | Reached skill level 14 in Axes
 27368 | Orc:2    | Reached XP level 15. HP: 110/132 MP: 16/16
 27555 | Orc:2    | Found Illumuwi's Weapon Boutique.
 27555 | Orc:2    | Found Dogg's Distillery.
 27563 | Orc:2    | Found Semuih Bocw's Distillery.
 27563 | Orc:2    | Found Gethis's Assorted Antiques.
 27652 | Orc:2    | Bought a potion of cancellation for 88 gold pieces
 27652 | Orc:2    | Bought a potion of heal wounds for 55 gold pieces
 27652 | Orc:2    | Bought a potion of heal wounds for 55 gold pieces
 27709 | Orc:2    | Found a staircase to the Elven Halls.
 27728 | Orc:2    | Gained mutation: You expend magic power (3 MP) to
                  | strengthen your wands. [evolution]
 28057 | Orc:2    | Bought a potion of heal wounds for 70 gold pieces
 28057 | Orc:2    | Bought a potion of heal wounds for 70 gold pieces
 28057 | Orc:2    | Bought a potion of heal wounds for 70 gold pieces
 28057 | Orc:2    | Bought a potion of heal wounds for 70 gold pieces
 28058 | Orc:2    | Bought a potion of might for 44 gold pieces
 28058 | Orc:2    | Bought a potion of haste for 110 gold pieces
 28060 | Orc:2    | Bought a scroll of enchant weapon for 210 gold pieces
 28060 | Orc:2    | Bought a scroll of identify for 56 gold pieces
 28465 | Lair:6   | Entered Level 6 of the Lair of Beasts
 29165 | Lair:5   | Reached skill level 15 in Axes
 29690 | Lair:6   | Found a staircase to the Slime Pits.
 29691 | Lair:6   | Found a viscous altar of Jiyva.
 30917 | D:8      | Gained mutation: Your tail ends in a poisonous barb.
                  | [evolution]
 32337 | D:13     | Received a gift from Trog
 32613 | D:13     | Got a scorched granite ring
 33012 | D:13     | Identified the ring "Debof" {*Tele MR+ Str+7 Stlth+} (You
                  | found it on level 13 of the Dungeon)
 33330 | D:13     | Identified a scroll of acquirement
 33331 | D:13     | Acquired a manual of Maces & Flails
 33617 | D:14     | Noticed Snorg
 33617 | D:14     | Noticed Kirke
 33629 | D:14     | Killed Kirke
 33638 | D:14     | Killed Snorg
 33702 | D:14     | Reached skill level 16 in Axes
 33993 | D:14     | Reached XP level 16. HP: 107/143 MP: 17/17
 34496 | D:14     | Found a gate to the Vaults.
 34578 | D:14     | Paralysed by a hornet for 2 turns
 34912 | D:14     | Gained mutation: Your natural rate of healing is unusually
                  | fast. [evolution]
 34923 | D:14     | Paralysed by a centaur for 4 turns
 34983 | D:15     | Entered Level 15 of the Dungeon
 35107 | D:15     | Found Oppul's Antique Armour Emporium.
 35130 | D:15     | Received a gift from Trog
 35182 | D:15     | Bought a glowing buckler for 270 gold pieces
 35182 | D:15     | Bought a pair of runed boots for 270 gold pieces
 35212 | D:14     | Identified a +1 pair of boots of running (You bought it in
                  | a shop on level 15 of the Dungeon)
 35316 | D:15     | Found Gibab's Pet Rocks.
 35793 | D:15     | HP: 1/146 [red ugly thing (12)]
 35964 | D:15     | Found a staircase to the Depths.
 36656 | Lair:1   | Killed Fractals's ghost
 36751 | Swamp:1  | Entered Level 1 of the Swamp
 36872 | Swamp:1  | Noticed Donald
 36885 | Swamp:1  | Killed Donald
 37266 | Swamp:1  | Received a gift from Trog
 37357 | Swamp:1  | Noticed Louise
 37419 | Swamp:1  | Killed Louise
 37597 | Swamp:1  | Noticed Nikola
 38748 | Swamp:2  | Reached XP level 17. HP: 113/154 MP: 18/18
 38923 | Swamp:2  | Lost mutation: Your mind is acute. (Int +2) [evolution]
 40147 | Swamp:3  | Found a bloodstained altar of Trog.
 40256 | Swamp:4  | Entered Level 4 of the Swamp
 40520 | Swamp:4  | Reached skill level 15 in Fighting
 41155 | Swamp:4  | Reached skill level 10 in Shields
 41378 | Swamp:4  | Noticed the 27-headed Lernaean hydra
 41412 | Swamp:4  | Killed the 25-headed Lernaean hydra
 41780 | Swamp:4  | Got a decaying rune of Zot
 42368 | Lair:4   | Killed Nessos
 42368 | Lair:4   | Received a gift from Trog
 42640 | Vaults:1 | Entered Level 1 of the Vaults
 42689 | Vaults:1 | Found Pubagyz's Assorted Antiques.
 42709 | Vaults:1 | Bought a faintly glowing lapis lazuli ring for 205 gold
                  | pieces
 42709 | Vaults:1 | Bought a runed war axe for 266 gold pieces
 42714 | Vaults:1 | Identified the ring "Pehim" {+Fly rF+ Str+3 Stlth+} (You
                  | bought it in a shop on level 1 of the Vaults)
 42803 | Vaults:1 | Cast into level 2 of the Abyss (a deep elf sorcerer)
 42846 | Abyss:2  | Found a corrupted altar of Lugonu.
 42856 | Abyss:2  | Noticed a hellephant
 42882 | Abyss:2  | Killed from afar by a hellephant

Illustrated notes

Levels and vault maps discovered:
D:1:      dpeg_arrival_pits, layout_loops_ring
D:2:      minmay_spotlight, layout_loops_ring, gammafunk_temple_overflow_statue,
          minmay_pentomino_x4, uniq_sigmund, uniq_robin
D:3:      layout_rooms
D:4:      layout_basic, first_ration
D:5:      lemuel_insect_pit, layout_basic, serial_shops, nicolae_shop_crystal,
          grunt_decor_resistance
D:6:      layout_basic, minmay_temple_entry_fiery, serial_rivers,
          chequers_serial_rivers_micro_d, chequers_serial_rivers_micro_e,
          chequers_serial_rivers_micro_c, chequers_serial_rivers_large_a,
          uniq_prince_ribbit1
D:7:      layout_rooms
D:8:      layout_loops_ring, minmay_lair_entry_grove, serial_shops,
          nicolae_shop_statue_plus, hangedman_little_slice_of_home,
          uniq_gastronok
D:9:      layout_basic, basic_altar, serial_bayou_pond_a, uniq_erolcha,
          uniq_grum
D:10:     layout_stronghold, uniq_fannar
D:11:     layout_basic, hiddenorc2_lemuel, basic_altar, gauntlet_entry_generic,
          lightli_airlock
D:12:     layout_grid_maze, special_room [special_room_orc]
D:13:     layout_loops_ring, minmay_checkerbox
D:14:     layout_long_grid, david_vaults_2, corner_web_ring,
          hangedman_glass_teeth, nicolae_underground_beach, uniq_snorg,
          uniq_kirke
D:15:     grunt_enter_depths_magical_seal, layout_loops_ring, nrook_uturn,
          serial_shops, shop, guppyfry_shop_earth
Lair:1:   layout_regular_city, enter_volcano_2, ebering_ghost_rock_garden,
          grunt_megastairs_4, serial_bayou_shore_b
Lair:2:   layout_loops_ring, serial_bayou_shore_a
Lair:3:   layout_hall_layers, minmay_snake_entry_guardpost_small,
          minmay_hedge_maze, kennysheep_abandoned_house, grunt_megastairs_3,
          serial_bayou_shore_b
Lair:4:   layout_small_grid, skrybe_swamp_entry_bodies, lemuel_fruit_tree,
          uniq_nessos
Lair:5:   layout_cave_pods, chequers_serial_rivers_room_b,
          kennysheep_catoblepas_arena
Lair:6:   due_jungle_book, layout_cellular_growth, slime_altar_1
Swamp:1:  layout_basic_swamp, evilmike_swamp_ruin_rubble_2,
          nicolae_swamp_rocky_clearing, swamp_pool5, st_swamp_ruins_2,
          infiniplex_staircase_pool, uniq_donald, uniq_nikola, uniq_louise
Swamp:2:  layout_basic_swamp, serial_swamp_ruin, evilmike_swamp_ruin_house_6,
          evilmike_swamp_ruin_house_4
Swamp:3:  layout_falls_marsh, basic_altar, swamp_pool3
Swamp:4:  swamp_old_school, layout_basic_swamp
Orc:1:    layout_caves, portal_ice_cave_rime, uniq_jorgrun
Orc:2:    st_orc_ogre_mass, layout_diamond_mine, mines5_lemuel, uniq_josephine
Vaults:1: dpeg_vaults_monster_box, v_alt_pattern_1, v_alt_pattern_1,
          hangedman_vaults_restitches, v_misc_9, nicolae_vaults_angled_halls,
          nicolae_vaults_asterisk, ontoclasm_vaults_eye, layout_vaults_omnigrid,
          serial_shops, shop
Abyss:2:  base: Lair:5, guppyfry_abyss_exit_imp_island

Skill      XL: |  1  2  3  4  5  6  7  8  9 10 11 12 13 14 15 16 17 |
---------------+----------------------------------------------------+-----
Maces & Flails | 4 5 6 7 8 |  8.9
Fighting       | 4 5 6 7 8 10 12 13 14 15 | 15.0
Throwing       | 1 2 4 5 6 7 8 |  8.0
Dodging        | 3 4 5 6 7 8 9 10 11 | 11.0
Stealth        | 1 2 3 4 5 6 7 9 10 11 | 11.0
Evocations     | 1 2 |  2.0
Shields        | 2 3 5 7 12 | 12.6
Axes           | 4 8 10 11 12 14 16 | 16.6
Polearms       | 2 7 8 |  8.6

Action                   |  1- 3 |  4- 6 |  7- 9 | 10-12 | 13-15 | 16-18 || total
-------------------------+-------+-------+-------+-------+-------+-------++-------
Melee: Mace              |   101 |   140 |       |       |       |       ||   241
       Tailslap          |     9 |    27 |    54 |   137 |   309 |   174 ||   710
       Flail             |       |    31 |   273 |       |       |       ||   304
       Hand axe          |       |       |   110 |   768 |   563 |       ||  1441
       Trident           |       |       |       |    47 |    32 |       ||    79
       War axe           |       |       |       |       |   948 |   858 ||  1806
Throw: Dart              |     2 |    11 |     4 |    41 |   113 |     3 ||   174
       Stone             |       |    30 |     1 |       |       |       ||    31
       Boomerang         |       |       |    21 |    87 |   318 |   347 ||   773
       Throwing net      |       |       |       |     1 |       |       ||     1
Invok: Berserk           |     3 |     1 |     5 |    11 |    18 |     6 ||    44
       Trog's Hand       |     1 |     2 |     6 |    15 |    29 |    16 ||    69
       Brothers in Arms  |       |       |       |       |     1 |     1 ||     2
 Abil: Evoke Flight      |       |       |       |       |     1 |       ||     1
       Breathe Steam     |       |       |       |       |       |     1 ||     1
Evoke: Wand              |       |       |     3 |    13 |    21 |    10 ||    47
       Tin of tremorston |       |       |       |       |       |     1 ||     1
  Use: Scroll            |     3 |     5 |    12 |     8 |    14 |     7 ||    49
       Potion            |       |     1 |     1 |     5 |     8 |    10 ||    25
 Stab: Sleeping          |     1 |     1 |     4 |     4 |    36 |    11 ||    57
       Held in net/web   |       |       |       |     2 |       |       ||     2
       Confused          |       |       |       |       |     8 |       ||     8
       Distracted        |       |       |       |       |     1 |       ||     1
  Eat: Chunk             |     1 |     7 |    22 |    24 |    46 |    15 ||   115
       Ration            |     1 |       |     1 |     7 |    11 |     7 ||    27
Armor: Skin              |    39 |    41 |    73 |   127 |   184 |   161 ||   625
Dodge: Dodged            |    52 |    94 |   219 |   424 |   693 |   552 ||  2034
Block: Buckler           |       |       |    85 |   176 |   313 |   213 ||   787
       Reflection        |       |       |       |       |       |    14 ||    14
       Kite shield       |       |       |       |       |       |    45 ||    45
